 Dungeon Crawl Stone Soup version 0.20.1-1-g8b1a95d (webtiles) character file.

34 letownia2 the Grave Robber (level 3, -9/28 HPs)
             Began as a Deep Dwarf Necromancer on Nov 2, 2017.
             Killed by divine providence
             ... invoked by an orc priest
              (10 damage)
             ... on level 4 of the Dungeon.
             The game lasted 00:03:19 (1008 turns).

letownia2 the Grave Robber (Deep Dwarf Necromancer) Turns: 1008, Time: 00:03:21

Health: -9/28      AC:  5    Str: 11    XL:     3   Next: 14%
Magic:  0/6        EV: 11    Int: 16    God:
Gold:   91         SH:  0    Dex: 13    Spells: 2/6 levels left

rFire    . . .     SeeInvis .   a - +0 short sword
rCold    . . .     Gourm    .   (no shield)
rNeg     . . .     Faith    .   h - +0 robe
rPois    .         Spirit   .   d - +0 helmet
rElec    .         Reflect  .   (no cloak)
rCorr    .         Harm     .   (no gloves)
MR       .....                  j - +1 pair of boots
Stlth    ++........             (no amulet)
Regen    0.0/turn               (no ring)
MPRegen  0.1/turn               (no ring)

@: non-regenerating, heavily drained
A: damage resistance, heal wounds, sense surroundings 1, no regeneration
a: Heal Wounds


You were on level 4 of the Dungeon.
You were not hungry.

You visited 1 branch of the dungeon, and saw 4 of its levels.

You collected 91 gold pieces.

Inventory:

Hand Weapons
 a - a +0 short sword (weapon)
Missiles
 i - 17 poisoned needles
Armour
 d - a +0 helmet (worn)
 h - a +0 robe (worn)
 j - a +1 pair of boots (worn)
Jewellery
 q - an uncursed amulet of harm
Scrolls
 e - a scroll of magic mapping {unknown}
 g - a scroll of fear {unknown}
 k - a scroll of remove curse {unknown}
 n - a scroll of identify {unknown}
 o - a scroll of amnesia {unknown}
 p - a scroll of enchant armour {unknown}
Potions
 f - a potion of lignification {unknown}
 m - 2 potions of degeneration {unknown}
Books
 b - a book of Necromancy

   Spells                             Type                      Level
   a - Pain                           Necromancy                   1
   b - Animate Skeleton               Necromancy                   1
   c - Vampiric Draining              Necromancy                   3
   d - Regeneration                   Charms/Necromancy            3
   e - Animate Dead                   Necromancy                   4
   f - Control Undead                 Necromancy                   4
Comestibles
 c - a bread ration
 l - 2 chunks of flesh


   Skills:
 - Level 2.1(0.5) Dodging
 - Level 2.4(0.8) Stealth
 - Level 2.2(0.6) Spellcasting
 + Level 5.2(3.4) Necromancy


You had 2 spell levels left.
You knew the following spells:

 Your Spells              Type           Power        Failure   Level  Hunger
a - Pain                  Necr           ##..         5%          1    ##.....
v - Vampiric Draining     Necr           ##........   17%         3    ####...


Dungeon Overview and Level Annotations

Branches:
Dungeon (4/15)
 Temple: D:4-7

Altars:
Elyvilon
Hepliaklqana


Innate Abilities, Weirdness & Mutations

You are resistant to damage.
You can heal yourself by infusing magical energy.
You passively map a small area around you.
You do not regenerate.


Message History

Casting: Pain
Confirm with . or Enter, or press ? or * to list all spells.
Aiming: Pain
Press: ? - help, Shift-Dir - straight line, f/p - orc priest
Aim: an orc priest (severely wounded, chance to defeat MR: 66%)
The orc priest writhes in agony!
Casting: Pain
Confirm with . or Enter, or press ? or * to list all spells.
Aiming: Pain
Press: ? - help, Shift-Dir - straight line, f/p - orc priest
Aim: an orc priest (severely wounded, chance to defeat MR: 66%)
The orc priest struggles to resist.
The orc priest hits you.
You hit the orc priest.
The orc priest is almost dead.
The orc priest calls down the wrath of Beogh upon you.
Beogh smites you!
* * * LOW HITPOINT WARNING * * *
The orc priest mumbles some strange prayers to Beogh against you.
Beogh smites you!
You die...

* ..o..# #########
,.o..# #.......# ..o#
#.......# ,, ..#
#.......# * ,#.#
#.......# * *,#o#
##.......# * #
#.###..####..###
..###.###o##..##* ##..#.
,
.......@o....#.....#....
............#...........
,
...%....................
........................
........................
.....##.##............>.
* #..##
#.##.............. ...
#.##.............b
.........


You could see an orc priest and an orc.

Vanquished Creatures
  3 leopard geckos
  An orc (D:4)
  A ball python (D:2)
  A giant cockroach (D:4)
  2 goblins
  A hobgoblin (D:1)
  4 jackals (D:2)
  3 kobolds (D:2)
  A quokka (D:2)
  7 bats
  A frilled lizard (D:2)
  A giant cockroach zombie (D:4)
26 creatures vanquished.

Notes
Turn   | Place    | Note
-------+----------+-------------------------------------------
     0 | D:1      | letownia2 the Deep Dwarf Necromancer began the quest for the Orb.
     0 | D:1      | Reached XP level 1. HP: 15/15 MP: 3/3
   362 | D:2      | Found a white marble altar of Elyvilon.
   388 | D:2      | Reached XP level 2. HP: 22/22 MP: 3/5
   627 | D:2      | Reached skill level 5 in Necromancy
   709 | D:2      | Found a hazy altar of Hepliaklqana.
   820 | D:4      | Reached XP level 3. HP: 14/28 MP: 1/6
   830 | D:4      | Learned a level 3 spell: Vampiric Draining
  1008 | D:4      | HP: 1/28 [orc priest/divine providence (13)]
  1008 | D:4      | Killed from afar by an orc priest

Skill      XL: |  1  2 |
---------------+-------+-----
Spellcasting   | 2 |  2.2
Necromancy     | 5 |  5.2
Dodging        | |  2.1
Stealth        | |  2.4

Action                   || total
-------------------------++-------
Melee: Unarmed           ||    13
       Short sword       ||     4
 Cast: Pain              ||    48
  Eat: Chunk             ||     1
Armor: Robe              ||    12
Dodge: Dodged            ||    26
